 Dungeon Crawl Stone Soup version 0.29-a0-284-gf9362112df (webtiles) character file.

Game seed: 16172094007004398474

84 epen the Vexing (level 4, -1/31 (34) HPs)
             Began as a Gnoll Arcane Marksman on Mar 15, 2022.
             Slain by Crazy Yiuf
             ... wielding a +2 quarterstaff of chaos
              (15 damage)
             ... on level 3 of the Dungeon.
             The game lasted 00:02:31 (3224 turns).

epen the Vexing (Gnoll Arcane Marksman)             Turns: 3224, Time: 00:02:31

HP:   -1/31 (34)    AC:  5    Str:  9    XL:     4   Next: 45%
MP:   8/8           EV: 11    Int: 13    God:
Gold: 117           SH:  0    Dex: 14    Spells: 8/9 levels left

rFire   . . .      SeeInvis .   a - +0 shortbow
rCold   . . .      Faith    .   (shield currently unavailable)
rNeg    . . .      Spirit   .   j - +0 ring mail
rPois   .          Reflect  .   (no helmet)
rElec   .          Harm     .   (no cloak)
rCorr   .          Rampage  .   (no gloves)
Will    .....                   (no boots)
Stlth   +.........              (no amulet)
HPRegen 0.10/turn               (no ring)
MPRegen 0.11/turn               (no ring)

@: mighty, drained
A: fangs 1, strong nose, distributed training
a: no special abilities


You were on level 3 of the Dungeon.
You visited 1 branch of the dungeon, and saw 3 of its levels.

You collected 117 gold pieces.

Inventory:

Hand Weapons
 a - a +0 shortbow (weapon)
 k - a +1 dagger of holy wrath
Armour
 b - a +0 robe
 j - a +0 ring mail (worn)
Scrolls
 c - a scroll of vulnerability
 d - a scroll of summoning
 g - a scroll of magic mapping {unknown}
 m - 2 scrolls of fear {unknown}
 o - 2 scrolls of enchant weapon {unknown}
Potions
 e - 4 potions of curing {unknown}
 h - 2 potions of mutation {unknown}
 i - a potion of haste {unknown}
 l - a potion of degeneration {unknown}
 n - a potion of flight {unknown}


   Skills:
 + Level 2.7 Fighting
 + Level 1.1 Short Blades
 + Level 1.1 Long Blades
 + Level 1.1 Axes
 + Level 1.1 Maces & Flails
 + Level 1.1 Polearms
 + Level 1.1 Staves
 + Level 1.1 Slings
 + Level 4.6 Bows
 + Level 1.1 Crossbows
 + Level 1.1 Throwing
 + Level 1.1 Armour
 + Level 4.6 Dodging
 + Level 1.1 Stealth
 + Level 1.1 Shields
 + Level 1.1 Unarmed Combat
 + Level 3.0 Spellcasting
 + Level 0.9 Conjurations
 + Level 5.4 Hexes
 + Level 0.9 Summonings
 + Level 0.9 Necromancy
 + Level 0.9 Translocations
 + Level 0.9 Transmutations
 + Level 0.9 Fire Magic
 + Level 0.9 Ice Magic
 + Level 0.9 Air Magic
 + Level 0.9 Earth Magic
 + Level 0.9 Poison Magic
 + Level 1.2 Invocations
 + Level 1.1 Evocations


You had 8 spell levels left.
You knew the following spells:

 Your Spells              Type           Power      Damage    Failure   Level
a - Slow                  Hex            64%        N/A       7%          1

Your spell library contained the following spells:

 Spells                   Type           Power      Damage    Failure   Level
 Inner Flame              Hex/Fire       10%        N/A       45%         3
 Portal Projectile        Hex/Tloc       20%        N/A       45%         3
 Cause Fear               Hex            8%         N/A       56%         4
 Call Canine Familiar     Summ           4%         N/A       78%         3
 Gell's Gravitas          Tloc           4%         N/A       78%         3
 Teleport Other           Tloc           4%         N/A       78%         3
 Leda's Liquefaction      Hex/Erth       5%         N/A       86%         4
 Dispersal                Tloc           2%         N/A       100%        6


Dungeon Overview and Level Annotations

Branches:
Dungeon (3/15)

Altars:
Xom

Shops:
D:3 ?

Annotations:
D:3 Crazy Yiuf


Innate Abilities, Weirdness & Mutations

You have very sharp teeth.
Your uncanny sense of smell can sniff out nearby items.
Your experience applies equally to all skills.


Message History

You start resting.
HP restored.
You can't see any susceptible monsters within range! (Use Z to cast anyway.)
There is an open translucent door here.
Done exploring.
Done exploring.
There is an open translucent door here.
Crazy Yiuf is nearby!
Sorry, you're not good enough to have a special ability.
You shoot an arrow.
Crazy Yiuf shouts!
The arrow hits Crazy Yiuf.
Crazy Yiuf is lightly wounded.
You shoot an arrow. The arrow hits Crazy Yiuf.
Crazy Yiuf is moderately wounded.
Crazy Yiuf says, "Scoff ragdoll mumblescurry!"
You shoot an arrow. The arrow barely misses Crazy Yiuf.
You shoot an arrow. The arrow hits Crazy Yiuf.
Crazy Yiuf is heavily wounded.
You shoot an arrow. The arrow hits Crazy Yiuf.
Crazy Yiuf is severely wounded.
Crazy Yiuf says, "Leather!"; Crazy Yiuf says, "Lay!"
Crazy Yiuf hits you with a +2 quarterstaff of chaos!
You blink.
You shoot an arrow. The arrow hits Crazy Yiuf.
Crazy Yiuf is severely wounded.
Crazy Yiuf hits you with a +2 quarterstaff of chaos!
You feel very mighty all of a sudden.
You are too injured to fight recklessly!
You are too injured to fight recklessly!
Shoot: a) +0 shortbow
Press: ? - help, Shift-Dir - straight line, f/p - Crazy Yiuf
Aim: Crazy Yiuf, wielding a +2 quarterstaff of chaos and wearing a +0 cloak of poison resistance (severely wounded, 65% to hit)
You shoot an arrow.
The arrow hits Crazy Yiuf but does no damage.
Crazy Yiuf is severely wounded.
Crazy Yiuf hits you with a +2 quarterstaff of chaos.
You resist with some effort.
Crazy Yiuf hits you with a +2 quarterstaff of chaos!
You die...

###.# ######..#..###########
#.### ####.###.# # #...## #....#
#.# #####..## ##.#### #.## .#
##..## #..# #..# .######..####.##
##.# ....####.#....# #.#
...........######### #.#
###.....>.......@g.###.##
....#.....#.######......#########
.................................
.......##.##.......###.#.#######.
....#####..#######..##.#..## #.
..### ##........#.##.#...# ##.
.#########..........###....# #..
#.................#.# ##..## #..
#.................### ♣....♣ #.#


You could see Crazy Yiuf.

Vanquished Creatures
  An adder (D:3)
  6 worms
  A dart slug (D:3)
  An orc (D:3)
  7 ball pythons
  4 bats
  3 endoplasms
  2 giant cockroaches (D:1)
  7 goblins
  7 hobgoblins
  3 quokkas
  3 frilled lizards
  4 kobolds
  2 rats
51 creatures vanquished.

Notes
Turn   | Place    | Note
-------+----------+-------------------------------------------
     0 | D:1      | epen the Gnoll Arcane Marksman began the quest for the Orb.
     0 | D:1      | Reached XP level 1. HP: 17/17 MP: 4/4
   117 | D:1      | Reached XP level 2. HP: 23/23 MP: 5/5
   312 | D:1      | Found a faded altar of an unknown god.
  1039 | D:2      | Reached XP level 3. HP: 27/28 MP: 7/7
  1100 | D:2      | Found a shimmering altar of Xom.
  1247 | D:2      | Reached skill level 1 in Invocations
  1568 | D:2      | Reached skill level 1 in Short Blades
  1568 | D:2      | Reached skill level 1 in Long Blades
  1568 | D:2      | Reached skill level 1 in Axes
  1568 | D:2      | Reached skill level 1 in Maces & Flails
  1568 | D:2      | Reached skill level 1 in Polearms
  1568 | D:2      | Reached skill level 1 in Staves
  1568 | D:2      | Reached skill level 1 in Slings
  1568 | D:2      | Reached skill level 1 in Crossbows
  1568 | D:2      | Reached skill level 1 in Throwing
  1568 | D:2      | Reached skill level 1 in Armour
  1568 | D:2      | Reached skill level 1 in Stealth
  1568 | D:2      | Reached skill level 1 in Shields
  1568 | D:2      | Reached skill level 1 in Unarmed Combat
  1568 | D:2      | Reached skill level 1 in Evocations
  1755 | D:2      | Reached XP level 4. HP: 32/34 MP: 8/8
  2051 | D:3      | Found Hoyry's Magic Scroll Boutique.
  2630 | D:3      | Found a runed translucent door.
  2631 | D:3      | Noticed Crazy Yiuf
  3224 | D:3      | Slain by Crazy Yiuf

Illustrated notes

Levels and vault maps discovered:
D:1:      dpeg_arrival_shrine, layout_loops_ring,
          shapermc_ecumenical_altar_notcrosses
D:2:      layout_loops_corners, basic_altar, grunt_ministairs_7,
          nicolae_concentric_dashed_squares_mild, serial_park_tiny_pond,
          minmay_pentomino_o4
D:3:      layout_rooms, serial_shops, shop, uniq_crazy_yiuf_cottage

Skill      XL: |  1  2  3  4 |
---------------+-------------+-----
Invocations    | 1 |  1.2
Short Blades   | 1 |  1.1
Long Blades    | 1 |  1.1
Axes           | 1 |  1.1
Maces & Flails | 1 |  1.1
Polearms       | 1 |  1.1
Staves         | 1 |  1.1
Slings         | 1 |  1.1
Crossbows      | 1 |  1.1
Throwing       | 1 |  1.1
Armour         | 1 |  1.1
Stealth        | 1 |  1.1
Shields        | 1 |  1.1
Unarmed Combat | 1 |  1.1
Evocations     | 1 |  1.1
Spellcasting   | 3 |  3.0
Fighting       | |  2.7
Bows           | |  4.6
Dodging        | |  4.6
Conjurations   | |  0.9
Hexes          | |  5.4
Summonings     | |  0.9
Necromancy     | |  0.9
Translocations | |  0.9
Transmutations | |  0.9
Fire Magic     | |  0.9
Ice Magic      | |  0.9
Air Magic      | |  0.9
Earth Magic    | |  0.9
Poison Magic   | |  0.9

Action                   |  1- 3 |  4- 6 || total
-------------------------+-------+-------++-------
 Fire: Shortbow          |   151 |    62 ||   213
  Use: Scroll            |       |     2 ||     2
Armor: Robe              |     2 |       ||     2
       Ring mail         |    15 |    11 ||    26
Dodge: Dodged            |    44 |    21 ||    65

Table legend: (Time is in decaauts)
 A = Elapsed time spent in this place.
 B = Non-inter-level travel time spent in this place.
 C = Inter-level travel time spent in this place.
 D = Time resting spent in this place.
 E = Time spent auto-exploring this place.
 F = Levels seen in this place.
 G = Mean time per level.
                   A        B        C        D        E       F      G
               +--------+--------+--------+--------+--------+-----+--------+
         Total |   3305 |   3231 |     74 |    273 |   2531 |   3 | 1101.7 |
       Dungeon |   3305 |   3231 |     74 |    273 |   2531 |   3 | 1101.7 |
               +--------+--------+--------+--------+--------+-----+--------+

Top non-repeatable levels by time:
     D:3: 1198 daAuts
     D:1: 1056 daAuts
     D:2: 1051 daAuts
